 Dungeon Crawl Stone Soup version 0.27-a0-650-g8dd3ea4f36 (webtiles) character file.

Game seed: 8702143419770887757

261 wakim the Stinger (level 6, 0/36 HPs)
             Began as an Octopode Venom Mage on Mar 15, 2021.
             Was an Initiate of Nemelex Xobeh.
             Slain by Grinder (8 damage)
             ... on level 4 of the Dungeon.
             The game lasted 00:08:20 (4884 turns).

wakim the Stinger (Octopode Venom Mage)             Turns: 4884, Time: 00:08:21

Health: 0/36       AC:  1    Str:  7    XL:     6   Next: 18%
Magic:  10/10      EV: 13    Int: 19    God:    Nemelex Xobeh [......]
Gold:   215        SH:  0    Dex: 13    Spells: 1/11 levels left

rFire    . . .     SeeInvis .   a - +0 morningstar
rCold    . . .     Faith    .   (no shield)
rNeg     . . .     Spirit   .   (helmet restricted)
rPois    .         Reflect  .   (no amulet)
rElec    .         Harm     .   (no ring)
rCorr    .         Rampage  .   (no ring)
Will     .....                  (no ring)
Stlth    ++++......             (no ring)
HPRegen  0.12/turn              (no ring)
MPRegen  0.12/turn              (no ring)
                                (no ring)
                                (no ring)

@: no status effects
A: almost no armour, amphibious, 8 rings, camouflage 1, gelatinous body 1,
nimble swimmer 1, tentacles
a: Renounce Religion, Draw Escape, Draw Destruction, Draw Summoning


You were on level 4 of the Dungeon.
You worshipped Nemelex Xobeh.
Nemelex Xobeh was noncommittal.
You visited 1 branch of the dungeon, and saw 4 of its levels.

You collected 215 gold pieces.

Inventory:

Hand Weapons
 a - a +0 morningstar (weapon)
Missiles
 c - 15 sling bullets
Wands
 p - a wand of paralysis (6)
Scrolls
 h - a scroll of enchant armour
 F - 2 scrolls of fog
 Z - 3 scrolls of identify {@r1}
Potions
 b - a potion of resistance {unknown}
 d - a potion of mutation {unknown}
 e - 2 potions of brilliance {unknown}
 f - a potion of might {unknown}
 g - a potion of ambrosia {unknown}
 A - 4 potions of attraction
 I - a potion of invisibility
 J - a potion of curing {@q1}


   Skills:
 - Level 2.0 Dodging
 - Level 5.0 Stealth
 - Level 3.0 Spellcasting
 + Level 1.9 Transmutations
 + Level 1.1 Fire Magic
 - Level 6.0 Poison Magic


You had one spell level left.
You knew the following spells:

 Your Spells              Type           Power      Damage    Failure   Level
a - Sting                 Tmut/Pois      68%        1d6       3%          1
g - Ignite Poison         Fire/Tmut/Pois 14%        N/A       13%         3
s - Poisonous Vapours     Pois/Air       28%        N/A       7%          2
w - Olgreb's Toxic Radia  Pois           25%        N/A       13%         4

Your spell library contained the following spells:

 Spells                   Type           Power      Damage    Failure   Level
 Mephitic Cloud           Conj/Pois/Air  10%        N/A       21%         3


Dungeon Overview and Level Annotations

Branches:
Dungeon (4/15)
 Temple: D:4-7

Altars:
Gozag
Nemelex Xobeh

Annotations:
D:4 Grinder


Innate Abilities, Weirdness & Mutations

You cannot wear most types of armour.
You are amphibious.
You can wear up to eight rings at the same time.
Your skin changes colour to match your surroundings (Stealth+).
Your rubbery body absorbs attacks. (AC +1, EV +1)
You are stealthy while swimming. (Stealth+)
You have tentacles for arms and can constrict up to eight enemies at once.


Message History

The jackal barks!
The jackal is poisoned.
The jackal looks even sicker.
A jackal comes into view.
You kill the jackal!
The jackal is poisoned.
Your toxic aura wanes.
You barely miss the jackal. You grab the jackal.
The jackal is almost dead.
You constrict the jackal.
You kill the jackal!
You hit the jackal. You grab the jackal.
The jackal is almost dead.
You constrict the jackal, but do no damage.
You kill the jackal!
A - 4 potions of attraction (gained 2)
There is an escape hatch in the floor here.
Found a helmet.
g - a lumpy yellow potion You now have 202 gold pieces (gained 11).
Z - 3 scrolls of identify {@r1} You now have 215 gold pieces (gained 13).
Grinder comes into view.
Press: ? - help, v - describe, . - travel
Here: Grinder (asleep)
The floor.
The helpless Grinder fails to defend herself.
You sock Grinder! Your grab misses Grinder.
Grinder is moderately wounded.
Grinder hits you!
You writhe in agony.
Grinder hits you.
You barely miss Grinder. Your grab misses Grinder. You squeeze Grinder.
Grinder is moderately wounded.
Grinder hits you!
* * * LOW HITPOINT WARNING * * *
You writhe in agony.
* * * LOW HITPOINT WARNING * * *
You hit Grinder. You grab Grinder.
Grinder is heavily wounded.
You constrict Grinder. Grinder hits you!
You die...
Your body disappears without a glow.

#.##.#
########.##.#
............#
########.####
#.# #.# #.#
#.######
#.@5...#
######.#


You could see Grinder.

Vanquished Creatures
  Natasha (thrice) (D:2)
  4 gnolls (D:3)
  6 adders
  2 worms (D:2)
  5 dart slugs
  5 leopard geckos
  2 orcs
  A giant cockroach (D:2)
  6 goblins
  7 hobgoblins
  7 jackals
  4 kobolds
  A quokka (D:2)
  A ball python (D:2)
  10 bats
  5 frilled lizards
  7 rats
76 creatures vanquished.

Notes
Turn   | Place    | Note
-------+----------+-------------------------------------------
     0 | D:1      | wakim the Octopode Venom Mage began the quest for the Orb.
     0 | D:1      | Reached XP level 1. HP: 11/11 MP: 3/3
   119 | D:1      | Reached skill level 4 in Poison Magic
   119 | D:1      | Reached XP level 2. HP: 10/17 MP: 1/5
   321 | D:1      | Learned a level 2 spell: Poisonous Vapours
   751 | D:1      | Reached XP level 3. HP: 19/21 MP: 1/6
  1505 | D:2      | Noticed Natasha
  1509 | D:2      | Killed Natasha
  1510 | D:2      | Reached XP level 4. HP: 27/27 MP: 2/7
  1561 | D:2      | Noticed Natasha
  1573 | D:2      | Killed Natasha
  1574 | D:2      | Reached skill level 5 in Poison Magic
  1577 | D:2      | Noticed Natasha
  1607 | D:2      | Killed Natasha
  1797 | D:2      | Reached XP level 5. HP: 31/31 MP: 4/9
  2880 | D:2      | Found an opulent altar of Gozag.
  3116 | D:2      | Learned a level 4 spell: Olgreb's Toxic Radiance
  3120 | D:2      | Learned a level 3 spell: Ignite Poison
  3755 | D:3      | Reached skill level 6 in Poison Magic
  3755 | D:3      | Reached XP level 6. HP: 36/36 MP: 2/10
  4026 | D:3      | Found a sparkling altar of Nemelex Xobeh.
  4116 | D:3      | Became a worshipper of Nemelex Xobeh the Trickster
  4145 | D:3      | Reached skill level 1 in Fire Magic
  4258 | D:3      | Reached skill level 5 in Stealth
  4880 | D:4      | Noticed Grinder
  4884 | D:4      | Slain by Grinder

Illustrated notes

Levels and vault maps discovered:
D:1:      dpeg_arrival_tiny_e, layout_basic
D:2:      layout_basic, grunt_gozag_breadcrumbs, roderic_lattice_a, uniq_natasha
D:3:      layout_loops_ring, nemelex_diamond_rough_becter
D:4:      layout_loops_ring, uniq_grinder

Skill      XL: |  1  2  3  4  5  6 |
---------------+-------------------+-----
Stealth        | 3 4 5 |  5.0
Poison Magic   | 4 5 6 |  6.0
Spellcasting   | 3 |  3.0
Fire Magic     | 1 |  1.1
Dodging        | |  2.0
Transmutations | |  1.9

Action                   |  1- 3 |  4- 6 || total
-------------------------+-------+-------++-------
Melee: Dagger            |    16 |    19 ||    35
       Constrict         |     4 |    10 ||    14
       Tentacles         |       |     8 ||     8
       Flail             |       |    11 ||    11
       Morningstar       |       |     5 ||     5
       Rapier            |       |     1 ||     1
 Cast: Sting             |     9 |       ||     9
       Poisonous Vapours |    21 |    50 ||    71
       Olgreb's Toxic Ra |       |     5 ||     5
       Ignite Poison     |       |     1 ||     1
  Use: Scroll            |     3 |     7 ||    10
 Stab: Sleeping          |       |     4 ||     4
Armor: Skin              |     3 |     2 ||     5
Dodge: Dodged            |     9 |    18 ||    27

Table legend: (Time is in decaauts)
 A = Elapsed time spent in this place.
 B = Non-inter-level travel time spent in this place.
 C = Inter-level travel time spent in this place.
 D = Time resting spent in this place.
 E = Time spent auto-exploring this place.
 F = Levels seen in this place.
 G = Mean time per level.
                   A        B        C        D        E       F      G
               +--------+--------+--------+--------+--------+-----+--------+
         Total |   4887 |   4744 |    143 |      0 |   4220 |   4 | 1221.8 |
       Dungeon |   4887 |   4744 |    143 |      0 |   4220 |   4 | 1221.8 |
               +--------+--------+--------+--------+--------+-----+--------+

Top non-repeatable levels by time:
     D:2: 1792 daAuts
     D:3: 1380 daAuts
     D:1: 1327 daAuts
     D:4: 387 daAuts
